 Dungeon Crawl Stone Soup version 0.25-a0-1104-g1bb6b8da34 (webtiles) character file.

Game seed: 4125416413233241729, levelgen mode: deterministic

6 Morbidden the Sneak (level 1, -2/11 HPs)
             Began as a Vine Stalker Assassin on May 16, 2020.
             Slain by a kobold
             ... wielding a +0 club
              (4 damage)
             ... on level 1 of the Dungeon.
             The game lasted 00:01:44 (282 turns).

Morbidden the Sneak (Vine Stalker Assassin)          Turns: 282, Time: 00:01:44

Health: -2/11      AC:  3    Str: 13    XL:     1   Next: 90%
Magic:  0/2        EV:  8    Int: 11    God:
Gold:   15         SH:  9    Dex: 15    Spells: 0/0 levels left

rFire    . . .     SeeInvis .   a - +2 dagger
rCold    . . .     Gourm    .   l - +2 kite shield
rNeg     . . .     Faith    .   b - +0 robe
rPois    .         Spirit   +   (no helmet)
rElec    .         Reflect  .   c - +0 cloak
rCorr    .         Harm     .   (no gloves)
MR       .....                  (no boots)
Stlth    +++.......             (no amulet)
HPRegen  0.03/turn              (no ring)
MPRegen  0.08/turn              (no ring)

@: no status effects
A: fangs 2, magic shield, antimagic bite, no potion heal 3, rot immunity
a: no special abilities


You were on level 1 of the Dungeon.
You were not hungry.

You visited 1 branch of the dungeon, and saw 1 of its levels.

You collected 15 gold pieces.

Inventory:

Hand Weapons
 a - a +2 dagger (weapon)
 g - a +0 hunting sling
Missiles
 d - 5 poisoned darts (quivered)
 e - 2 curare-tipped darts
 h - 20 sling bullets
Armour
 b - a +0 robe (worn)
 c - a +0 cloak (worn)
 l - a +2 kite shield (worn)
Potions
 i - 3 potions of stabbing {unknown}
 k - a potion of haste {unknown}
Comestibles
 f - 3 rations
 j - 2 chunks of flesh


   Skills:
 * Level 1.9 Fighting
 + Level 1.8 Short Blades
 * Level 1.9 Throwing
 + Level 0.7 Dodging
 + Level 5.0 Stealth


You couldn't memorise any spells.
You didn't know any spells.
Your spell library was empty.

Dungeon Overview and Level Annotations

Branches:
Dungeon (1/15)

Altars:


Innate Abilities, Weirdness & Mutations

You have extremely sharp teeth.
When hurt, damage is shared between your health and your magic reserves.
Your bite disrupts and absorbs the magic of your enemies.
Potions cannot restore your health.
You are immune to rotting.


Message History

The poisoned dart closely misses the kobold.
You block the kobold's attack.
You see here a poisoned dart.
You see here a scroll of random uselessness.
A dart slug comes into view.
Unknown command.
The kobold barely misses you.
You hit the dart slug.
The dart slug is lightly wounded.
The kobold hits you with a +0 club.
* * * LOW HITPOINT WARNING * * *
The dart slug bites you.
Unknown command.
Unknown command.
Unknown command.
Okay, then.
You see here 22 bolts.
A hobgoblin comes into view.
The kobold hits you with a +0 club.
You die...

..##......g##...#.#
####.......##...#.#
#..............#
#......>.#...###
#.....#....#.....#
#.....#.##.#.#####
####....##.#.#g..
#######(###.######
#..K@.......
####........
#........ #########


You could see a hobgoblin (asleep) and a kobold.

Vanquished Creatures
  2 giant cockroaches (D:1)
  2 bats (D:1)
  A kobold (D:1)
  A rat (D:1)
6 creatures vanquished.

Notes
Turn   | Place    | Note
-------+----------+-------------------------------------------
     0 | D:1      | Morbidden the Vine Stalker Assassin began the quest for the
                  | Orb.
     0 | D:1      | Reached XP level 1. HP: 11/11 MP: 2/2
   220 | D:1      | Reached skill level 5 in Stealth
   282 | D:1      | Slain by a kobold

Illustrated notes

Levels and vault maps discovered:
D:1:      dpeg_arrival_shelter, layout_basic, minmay_tiny_reverse_x

Skill      XL: |  1 |
---------------+----+-----
Stealth        | 5 |  5.0
Fighting       | |  1.9
Short Blades   | |  1.8
Throwing       | |  1.9
Dodging        | |  0.7

Action                   || total
-------------------------++-------
Melee: Dagger            ||    19
       Bite              ||     4
Throw: Dart              ||     9
  Use: Scroll            ||     1
Armor: Robe              ||    15
Dodge: Dodged            ||    18
Block: Kite shield       ||     6

Table legend:
 A = Non-vault XP
 B = Vault XP
 C = Vault XP percentage of total XP
 D = Non-vault monster count
 E = Vault monster count
 F = Vault count percentage of total count
                 A         B        C        D         E       F
            +---------+---------+-------+---------+---------+-------
      Total |       5 |       4 |  44.4 |       4 |       2 |  33.3
            +---------+---------+-------+---------+---------+-------
        D:1 |       5 |       4 |  44.4 |       4 |       2 |  33.3
            +---------+---------+-------+---------+---------+-------
